 Dungeon Crawl Stone Soup version 0.30-a0-394-g3e4acdb0ae (webtiles) character file.

Game seed: 18148049642963770848

8561 Ijustatesigmund the Covert (level 11, -1/58 (60) HPs)
             Began as a Deep Elf Fire Elementalist on Dec 6, 2022.
             Was a Believer of Cheibriados.
             Slain by a wight
             ... wielding a +0 flail
              (3 damage)
             ... on level 1 of the Orcish Mines.
             The game lasted 00:34:49 (11893 turns).

Ijustatesigmund the Covert (DEFE)                  Turns: 11893, Time: 00:34:50

HP:   -1/58 (60)    AC:  7    Str: 11    XL:     11   Next: 11%
MP:   30/36         EV: 14    Int: 31    God:    Cheibriados [**....]
Gold: 487           SH:  0    Dex: 21    Spells: 19/30 levels left

rFire   + . .      SeeInvis .    f - +1 short sword (vorpal)
rCold   . . .      Faith    .    (no shield)
rNeg    . . .      Spirit   .    a - +0 steam dragon scales
rPois   .          Reflect  .    (no helmet)
rElec   .          Harm     .    (no cloak)
rCorr   .          Rampage  .    q - +0 pair of gloves
Will    +....                    r - +0 pair of boots
Stlth   ++++++....               (no amulet)
HPRegen 0.29/turn                w - ring of magical power
MPRegen 0.25/turn                i - ring of protection from fire

@: about to teleport, studying Stealth, lightly drained, very slow
A: no striking features
a: Renounce Religion, Bend Time


You were on level 1 of the Orcish Mines.
You worshipped Cheibriados.
Cheibriados was pleased with you.
You visited 3 branches of the dungeon, and saw 11 of its levels.

You collected 537 gold pieces.
You spent 50 gold pieces at shops.

Inventory:

Hand Weapons
 c - the +7 great mace "Firestarter" {inner flame, rF++}
   (You took it off an orc warrior on level 7 of the Dungeon)

   It burns those it strikes, dealing additional fire damage.
   It fills those it strikes with an explosive inner flame.
   It grants immunity to clouds of flame.
   rF:        It greatly protects you from fire.
 f - a +1 vorpal short sword (weapon)
 p - a +0 rapier
 x - a +3 shortbow
 B - a +4 scimitar of flaming
Armour
 a - +0 steam dragon scales (worn)
 q - a +0 pair of gloves (worn)
 r - a +0 pair of boots (worn)
 C - a +0 robe of the Archmagi
Jewellery
 d - a ring of see invisible
 i - a ring of protection from fire (right hand)
 w - a ring of magical power (left hand)
 z - a ring of resist corrosion
Wands
 u - a wand of roots (14)
 v - a wand of paralysis (4)
 y - a wand of digging (5)
Scrolls
 g - 4 scrolls of butterflies
 h - 2 scrolls of teleportation
 m - 2 scrolls of vulnerability
 o - a scroll of enchant weapon
 E - a scroll of silence
Potions
 b - 2 potions of magic
 e - 4 potions of haste
 j - a potion of mutation
 k - a potion of brilliance
 l - a potion of curing
 n - 4 potions of ambrosia
 t - a potion of might
 A - a potion of attraction
 D - a potion of berserk rage {unknown}
 F - 2 potions of cancellation {unknown}


   Skills:
 - Level 3.8 Fighting
 - Level 3.8 Dodging
 - Level 13.7 Stealth
 + Level 10.1 Spellcasting
 + Level 8.2 Conjurations
 + Level 7.5 Fire Magic
 - Level 4.3 Air Magic
 - Level 4.8 Poison Magic
 + Level 4.4 Invocations
 - Level 2.4 Evocations


You had 19 spell levels left.
You knew the following spells:

 Your Spells              Type           Power      Damage    Failure   Level
a - Foxfire               Conj/Fire      100%       2x1d9     1%          1
b - Scorch                Fire           100%       2d10      1%          2
c - Flame Wave            Conj/Fire      59%        2d14      1%          4
d - Magic Dart            Conj           100%       1d8       1%          1
e - Mephitic Cloud        Conj/Pois/Air  51%        N/A       1%          3

Your spell library contained the following spells:

 Spells                   Type           Power      Damage    Failure   Level
 Searing Ray              Conj           100%       2d8       1%          2
 Inner Flame              Hex/Fire       39%        N/A       1%          3
 Kindle Blastsparks       Fire/Tloc/Air  80%        2d16      1%          3
 Fireball                 Conj/Fire      29%        3d13      3%          5
 Call Imp                 Summ           15%        N/A       4%          2
 Fulminant Prism          Conj/Hex       20%        3d12      6%          4
 Starburst                Conj/Fire      29%        6d9       19%         6
 Cause Fear               Hex            7%         N/A       32%         4
 Discord                  Hex            7%         N/A       100%        8


Dungeon Overview and Level Annotations

Branches:
Dungeon (9/15)             Temple (1/1) D:4            Lair (0/5) D:9
    Orc (1/2) D:9

Altars:
Ashenzari
Cheibriados
Dithmenos
Elyvilon
Fedhas
Gozag
Kikubaaqudgha
Makhleb
Nemelex Xobeh
Okawaru
Qazlal
Ru
Sif Muna
Trog
Uskayaw
Vehumet
Wu Jian
Xom
Yredelemnul
Zin
The Shining One

Shops:
D:4 !   D:9 =


Message History

You climb downwards.
Welcome to the Orcish Mines!
Found a stone staircase leading down.
There is a staircase back to the Dungeon here.
Casting: Scorch (safe; 1% risk of failure)
Confirm with . or Enter, or press ? or * to list all spells.
Flames lash the wight.
The wight is moderately damaged.
The wight's fire resistance burns away.
The warg howls!
You hear a shout!
The wight hits you with a +0 flail.
An orc comes into view. It is wielding a +0 hand axe.
The wight completely misses you.
Casting: Scorch (safe; 1% risk of failure)
Confirm with . or Enter, or press ? or * to list all spells.
Flames lash the warg.
The warg is moderately wounded.
The warg's fire resistance burns away.
You hear a shout!
The wight hits you with a +0 flail.
You feel drained.
An orc wizard comes into view. It is wielding a +0 dagger.
The warg bites you. x2
* * * LOW HITPOINT WARNING * * *
The wight hits you with a +0 flail.
* * * LOW HITPOINT WARNING * * *
You feel better.
The wight is no longer more vulnerable to fire.
The warg bites you!
* * * LOW HITPOINT WARNING * * *
The wight misses you.
As you read the scroll of teleportation, it crumbles to dust.
You feel strangely unstable. The warg barely misses you. The wight misses you.
The wight attacks as you move away! The wight hits you with a +0 flail!
* * * LOW HITPOINT WARNING * * *
The warg barely misses you.
You feel better.
The warg is no longer more vulnerable to fire.
The warg bites you!
* * * LOW HITPOINT WARNING * * *
The wight hits you with a +0 flail.
You die...

.............
#......#..... .
#.......#....
..#............
...............
...............
...#o..........
......o@......#
#.....>hz.....#
...............
..........^....
............#..
...............
...#........##.
..#....###.##
..#.... ##


You could see a warg, a wight, an orc wizard and an orc.

Vanquished Creatures
  Erica (D:8)
  2 two-headed ogres (D:8)
  An orc knight (D:7)
  A cyclops (D:7)
  A kobold demonologist (D:7)
  A komodo dragon (D:5)
  A hornet (D:7)
  A vampire (D:7)
  2 yaks
  A wyvern (D:5)
  2 wraiths
  2 steam dragons
  2 wargs (D:9)
  2 water moccasins
  A sky beast (D:8)
  2 black bears
  4 orc warriors
  3 ice beasts
  3 ogres
  3 centaurs
  2 phantoms
  7 bullfrogs
  3 necrophages
  3 gnoll sergeants
  4 scorpions
  A wight (D:9)
  5 killer bees
  6 howler monkeys
  An electric eel (D:6)
  A jelly (D:5)
  2 hounds (D:5)
  6 orc priests
  3 gnoll boudas
  3 iguanas
  2 orc wizards
  4 gnolls
  5 adders
  A shadow imp (D:7)
  A white imp (D:7)
  An ufetubus (D:6)
  31 orcs
  7 ball pythons
  5 endoplasms
  4 giant cockroaches
  5 goblins
  5 hobgoblins
  3 jackals (D:1)
  4 kobolds
  A quokka (D:4)
  5 bats
  6 frilled lizards
  6 rats
179 creatures vanquished.

Vanquished Creatures (others)
  284 foxfires
  4 fungi (D:6)
  A plant (D:3)
289 creatures vanquished.

Grand Total: 468 creatures vanquished

Notes
Turn   | Place    | Note
-------+----------+-------------------------------------------
     0 | D:1      | Ijustatesigmund the Deep Elf Fire Elementalist began the
                  | quest for the Orb.
     0 | D:1      | Reached XP level 1. HP: 10/10 MP: 6/6
   221 | D:1      | Reached XP level 2. HP: 15/15 MP: 6/8
   224 | D:1      | Learned a level 2 spell: Scorch
   823 | D:2      | Reached XP level 3. HP: 19/19 MP: 7/10
  1070 | D:2      | Found a faded altar of an unknown god.
  1503 | D:3      | Found a broken altar of Ashenzari.
  1503 | D:3      | Found a blossoming altar of Fedhas.
  2023 | D:3      | Reached XP level 4. HP: 20/24 MP: 7/12
  2560 | D:4      | Learned a level 4 spell: Flame Wave
  2595 | D:4      | Noticed a phantom
  2611 | D:4      | Killed a phantom
  2612 | D:4      | Reached XP level 5. HP: 28/28 MP: 5/14
  2735 | D:4      | Reached skill level 1 in Fighting
  2735 | D:4      | Reached skill level 5 in Spellcasting
  3213 | D:4      | Found Ynuty's Distillery.
  3221 | D:4      | Bought a potion of heal wounds for 50 gold pieces
  3280 | D:4      | Found a staircase to the Ecumenical Temple.
  3289 | Temple   | Entered the Ecumenical Temple
  3383 | D:4      | Found a stormy altar of Qazlal.
  3387 | D:4      | Noticed an ogre
  3470 | D:4      | Reached XP level 6. HP: 30/34 MP: 9/15
  3625 | D:4      | Reached skill level 5 in Fire Magic
  3884 | D:5      | Entered Level 5 of the Dungeon
  3962 | D:5      | Noticed a komodo dragon
  4036 | D:5      | Killed a komodo dragon
  4037 | D:5      | Reached XP level 7. HP: 8/40 MP: 9/18
  4334 | D:5      | Noticed a wyvern
  4351 | D:5      | Killed a wyvern
  4352 | D:5      | Reached skill level 5 in Conjurations
  4352 | D:5      | Reached skill level 1 in Evocations
  4498 | D:5      | Noticed a yak
  4507 | D:4      | Killed a yak
  4508 | D:4      | Reached XP level 8. HP: 21/45 MP: 12/20
  5018 | D:5      | Found an ornate altar of the Wu Jian Council.
  5085 | D:5      | Reached skill level 4 in Stealth
  5441 | D:5      | Found an ancient bone altar of Kikubaaqudgha.
  5441 | D:5      | Found a snail-covered altar of Cheibriados.
  5446 | D:5      | Became a worshipper of Cheibriados the Contemplative
  5791 | D:6      | Reached skill level 5 in Stealth
  5797 | D:6      | Reached skill level 6 in Stealth
  5805 | D:6      | Reached skill level 7 in Stealth
  5912 | D:6      | Reached skill level 8 in Stealth
  5924 | D:6      | Reached skill level 9 in Stealth
  6002 | D:6      | Learned a level 1 spell: Magic Dart
  6006 | D:6      | Learned a level 3 spell: Mephitic Cloud
  6168 | D:6      | Reached skill level 1 in Air Magic
  6168 | D:6      | Reached skill level 1 in Poison Magic
  6331 | D:6      | Reached XP level 9. HP: 33/49 MP: 19/21
  6401 | D:6      | Reached skill level 10 in Stealth
  6941 | D:7      | Noticed a kobold demonologist
  6942 | D:7      | Reached skill level 11 in Stealth
  6962 | D:7      | Reached * piety under Cheibriados
  7146 | D:7      | Noticed a cyclops
  7175 | D:7      | Killed a cyclops
  7176 | D:7      | Reached skill level 12 in Stealth
  7519 | D:7      | Noticed an orc knight
  7539 | D:7      | Killed an orc knight
  7540 | D:7      | Reached skill level 13 in Stealth
  7540 | D:7      | Reached XP level 10. HP: 56/56 MP: 11/23
  8152 | D:7      | Found a white marble altar of Elyvilon.
  9302 | D:7      | Paralysed by a hornet for 2 turns
  9582 | D:8      | Reached skill level 1 in Invocations
  9703 | D:8      | Noticed a two-headed ogre
  9721 | D:8      | Killed a two-headed ogre
  9874 | D:8      | Reached ** piety under Cheibriados
 10119 | D:8      | Found a shadowy altar of Dithmenos.
 10673 | D:8      | Noticed Erica
 10688 | D:8      | Killed Erica
 10853 | D:8      | Noticed a two-headed ogre
 10866 | D:8      | Killed a two-headed ogre
 11178 | D:8      | Reached XP level 11. HP: 60/60 MP: 26/26
 11256 | D:8      | Reached skill level 10 in Spellcasting
 11474 | D:9      | Found Muolab's Jewellery Shoppe.
 11779 | D:9      | Reached *** piety under Cheibriados
 11830 | D:9      | Found a staircase to the Lair.
 11858 | D:9      | Found a staircase to the Orcish Mines.
 11885 | Orc:1    | Entered Level 1 of the Orcish Mines
 11893 | Orc:1    | HP: 2/58 [warg (11)]
 11893 | Orc:1    | Slain by a wight

Illustrated notes

Levels and vault maps discovered:
D:1:      lightli_arrival_chessboard, layout_basic
D:2:      layout_rooms, shapermc_ecumenical_altar_pompeii, kennysheep_donut,
          kennysheep_big_empty_room
D:3:      cheibrodos_old_hovel, layout_basic,
          chequers_temple_overflow_statue_of_worship, minivault_27
D:4:      layout_basic, grunt_qazlal_sundering, lemuel_temple_firewalk_b,
          serial_shops, nicolae_stop_n_shop_2
D:5:      layout_loops_cross, gammafunk_temple_overflow_wave,
          nicolae_overflow_hidden_temple, chequers_serial_rivers_room_b,
          grunt_ministairs_5, minmay_manual_mess
D:6:      layout_cave_pools, water_boxes_lemuel
D:7:      minmay_the_grid_plus [minmay_the_grid_pillar_ring,
          minmay_the_grid_zigzag_pyramid, minmay_the_grid_armoury,
          minmay_the_grid_embedded, minmay_the_grid_prize_inner_circle],
          layout_cave_pods, elyvilon_altar_5, grunt_ministairs_8
D:8:      kennysheep_six_static_rooms, layout_loops_ring,
          nicolae_dithmenos_shadow_blocks, uniq_erica
D:9:      cheibrodos_iron_armory, layout_loops_ring, lair_entry_dummy,
          minmay_orc_entry_guard_dogs, serial_shops, shop,
          hangedman_abyss_or_decor_passed
Temple:   nicolae_temple_god_jail
Orc:1:    layout_caves, serial_shops,
          nicolae_shop_temple_entry_statues_fountains

Skill      XL: |  1  2  3  4  5  6  7  8  9 10 11 |
---------------+----------------------------------+-----
Conjurations   | 2 3 4 5 6 8 |  8.2
Spellcasting   | 4 5 6 7 9 10 | 10.1
Fire Magic     | 4 5 6 7 |  7.5
Fighting       | 1 2 3 |  3.8
Evocations     | 1 2 |  2.4
Dodging        | 3 |  3.8
Stealth        | 9 13 | 13.7
Air Magic      | 1 4 |  4.3
Poison Magic   | 1 4 |  4.8
Invocations    | 4 |  4.4

Action                   |  1- 3 |  4- 6 |  7- 9 | 10-12 || total
-------------------------+-------+-------+-------+-------++-------
Melee: Short sword       |     3 |       |    27 |     6 ||    36
       Punch             |       |       |     2 |       ||     2
 Cast: Foxfire           |    68 |    35 |    39 |    33 ||   175
       Scorch            |     6 |    25 |    83 |   107 ||   221
       Mephitic Cloud    |       |       |     8 |    14 ||    22
       Magic Dart        |       |       |     1 |    18 ||    19
       Flame Wave        |       |       |       |     3 ||     3
Evoke: Wand              |       |     3 |     7 |     4 ||    14
  Use: Scroll            |    10 |     1 |     7 |     8 ||    26
       Potion            |       |     1 |     2 |     3 ||     6
 Stab: Sleeping          |       |       |     2 |     1 ||     3
       Paralysed         |       |       |     4 |       ||     4
Armor: Robe              |       |     1 |    20 |       ||    21
       Steam dragon scal |       |       |       |    22 ||    22
Dodge: Dodged            |    11 |    11 |    58 |    64 ||   144

Table legend: (Time is in decaauts)
 A = Elapsed time spent in this place.
 B = Non-inter-level travel time spent in this place.
 C = Inter-level travel time spent in this place.
 D = Time resting spent in this place.
 E = Time spent auto-exploring this place.
 F = Levels seen in this place.
 G = Mean time per level.
                   A        B        C        D        E       F      G
               +--------+--------+--------+--------+--------+-----+--------+
         Total |  12797 |  12474 |    323 |   4113 |   6525 |  11 | 1163.4 |
       Dungeon |  12730 |  12407 |    323 |   4113 |   6497 |   9 | 1414.4 |
        Temple |     58 |     58 |      0 |      0 |     28 |   1 |   58.0 |
  Orcish Mines |      8 |      8 |      0 |      0 |      0 |   1 |    8.0 |
               +--------+--------+--------+--------+--------+-----+--------+

Top non-repeatable levels by time:
     D:7: 3261 daAuts
     D:8: 2338 daAuts
     D:4: 1656 daAuts
     D:5: 1650 daAuts
     D:3: 1050 daAuts
     D:6: 898 daAuts
     D:2: 802 daAuts
     D:1: 698 daAuts
     D:9: 373 daAuts
  Temple: 58 daAuts
   Orc:1: 8 daAuts
